Map: Pylon LE

Players

ManlyManMeat - Winner!

  • Race: Zerg Zerg
  • League: Diamond
  • Spawn Location: 11:00

VOD

Have the link to the VOD?

Description

Time

  • Played on: June 22, 2025, 4:11 p.m.
  • Length: 11:45
Show
View Real Time Build Order
Export as new Build Order

ManlyManMeat Zerg - Winner!

Build Orders:  

Get SALT Encoding   

  12  0:00  Drone  
  13  0:11  Drone  
  13  0:18  Extractor  
  13  0:22  Drone  
  15  0:31  Overlord  
  15  0:58  Drone  
  16  1:06  Hatchery  
  15  1:10  Drone  
  15  1:18  Drone  
  17  1:20  Drone  
  18  1:44  Spawning Pool  
  18  1:46  Extractor  
  18  1:49  Drone  
  17  1:54  Drone  
  18  2:00  Drone  
  19  2:21  Drone  
  21  2:49  Queen x2  
  24  2:51  Zergling x4  
  26  3:03  Overlord  
  26  3:19  Drone x2  
  28  3:29  Drone  
  29  3:52  Hatchery  
  29  3:55  Overlord  
  28  4:00  Metabolic Boost  
  28  4:13  Drone  
  28  4:19  Overlord  
  27  4:21  Drone x4  
  31  4:32  Zergling x2  
  31  4:33  Zergling x2  
  33  4:44  Drone x3  
  36  4:50  Drone  
  36  4:55  Drone  
  38  5:04  Queen  
  38  5:05  Drone  
  38  5:08  Drone  
  42  5:12  Drone  
  42  5:13  Drone  
  42  5:17  Overlord  
  44  5:23  Drone, Extractor  
  44  5:29  Baneling Nest  
  34  5:30  Drone  
  44  5:41  Zergling x4  
  44  5:44  Drone x4  
  50  6:00  Queen  
  50  6:01  Queen  
  50  6:08  Drone x3  
  57  6:20  Overlord x2  
  57  6:22  Overlord  
  57  6:48  Lair  
  57  6:49  Drone x3  
  60  6:50  Drone x5  
  65  7:11  Drone x3  
  65  7:12  Drone x4  
  72  7:22  Extractor  
  72  7:25  Extractor  
  70  7:36  Hatchery  
  70  7:38  Hatchery, Evolution Chamber  
  70  7:39  Evolution Chamber  
  66  7:44  Extractor  
  66  7:56  Zergling x20  
  66  7:57  Zergling x6  
  79  8:02  Centrifugal Hooks  
  79  8:08  Baneling x3  
  79  8:09  Baneling x5  
  79  8:40  Hatchery  
  79  8:46  Zerg Melee Weapons Level 1, Zerg Ground Armor Level 1  
  79  8:48  Zergling x8  
  79  8:49  Hatchery  
  81  8:50  Overlord  
  81  8:51  Overlord x2  
  81  9:10  Zergling x2  
  81  9:12  Overlord x3  
  82  9:35  Zergling x4  
  82  9:36  Zergling x18  
  93  9:57  Zergling x24  
  100  10:05  Baneling x9  
  98  10:22  Zergling x26  
  111  10:39  Zergling x12  
  65  10:40  Zergling x2  
  117  10:49  Drone x5  
Tags
 
League
Diamond
Matchup
Co-op
Replay Pack
Myownreplay2
Add a new tag
Caveats
  • Supply blocks, unpowered buildings, or Contaminate may cause inaccurate times.
  • Supply counts are checked every 10 seconds.